 Dungeon Crawl Stone Soup version 0.27.1-3-gb3d3a73c9e (webtiles) character file.

Game seed: 7153926726097543195

1306 barney the Transmogrifier (level 8, -4/61 HPs)
             Began as a Black Draconian Transmuter on Oct 6, 2021.
             Was a Follower of Vehumet.
             Slain by a wyvern zombie (9 damage)
             ... on level 6 of the Dungeon.
             The game lasted 00:07:51 (8046 turns).

barney the Transmogrifier (DrTm)                    Turns: 8046, Time: 00:07:52

Health: -4/61      AC:  2    Str: 13    XL:     8   Next: 32%
Magic:  8/11       EV: 23    Int: 15    God:    Vehumet [*.....]
Gold:   368        SH:  0    Dex: 17    Spells: 2/11 levels left

rFire    . . .     SeeInvis +     - Unarmed
rCold    + . .     Faith    .   (shield currently unavailable)
rNeg     . . .     Spirit   .   (armour unavailable)
rPois    x         Reflect  .   (helmet currently unavailable)
rElec    .         Harm     .   (cloak currently unavailable)
rCorr    .         Rampage  .   (gloves currently unavailable)
Will     .....                  (boots currently unavailable)
Stlth    ++........             (no amulet)
HPRegen  0.20/turn              f - ring "Putidely" {rC+ SInv}
MPRegen  0.12/turn              i - +4 ring of evasion

@: spider-form
A: venomous fangs, (breathe lightning), AC +6, tiny, unfitting armour,
(electricity resistance), (cold-blooded)
a: End Transformation, Renounce Religion


You were on level 6 of the Dungeon.
You worshipped Vehumet.
Vehumet was aware of your devotion.
You were a venomous arachnid creature.
You visited 2 branches of the dungeon, and saw 7 of its levels.

You collected 368 gold pieces.

Inventory:

Hand Weapons
 b - a +1 mace
 c - a +2 dagger of venom (melded)
Armour
 a - a +0 cloak (melded)
Jewellery
 f - the ring "Putidely" (left front leg) {rC+ SInv}
   (You acquired it on level 4 of the Dungeon)

   [ring of see invisible]

   rC:        It protects you from cold.
   SInv:      It lets you see invisible.
 i - a +4 ring of evasion (right front leg)
 k - a ring of ice
Wands
 d - a wand of flame (24)
Scrolls
 j - 2 scrolls of identify
Potions
 h - a potion of cancellation {unknown}


   Skills:
 + Level 2.1 Fighting
 - Level 1.7 Dodging
 + Level 3.4 Unarmed Combat
 - Level 2.0 Spellcasting
 + Level 9.9 Transmutations
 + Level 0.6 Ice Magic


You had 2 spell levels left.
You knew the following spells:

 Your Spells              Type           Power      Damage    Failure   Level
b - Spider Form           Tmut/Pois      8%         N/A       22%         3
c - Wereblood             Tmut           31%        N/A       3%          2
d - Ice Form              Ice/Tmut       17%        N/A       47%         4

Your spell library contained the following spells:

 Spells                   Type           Power      Damage    Failure   Level
 Magic Dart               Conj           4%         1d3       43%         1
 Beastly Appendage        Tmut           62%        N/A       3%          1
 Static Discharge         Conj/Air       1%         N/A       54%         2
 Lightning Bolt           Conj/Air       0%         1d11      100%        5
 Maxwell's Capacitive Co  Air            0%         ∞         100%        8


Dungeon Overview and Level Annotations

Branches:
Dungeon (6/15)             Temple (1/1) D:5

Altars:
Ashenzari
Cheibriados
Dithmenos
Elyvilon
Gozag
Makhleb
Nemelex Xobeh
Qazlal
Ru
Sif Muna
Trog
Uskayaw
Vehumet
Wu Jian
Xom
Yredelemnul
The Shining One


Innate Abilities, Weirdness & Mutations

You are a venomous arachnid creature.
You have poisonous fangs.
You are tiny and dextrous.
Your spellcasting is less reliable in this form.
Your armour is entirely melded.
You are incapable of wielding weapons or throwing items.
((You can breathe wild blasts of lightning.))
((Your glossy black scales are hard. (AC +6)))
You cannot fit into any form of body armour.
((You are resistant to electric shocks. (rElec)))
((You are cold-blooded and may be slowed by cold attacks.))


Message History

The wyvern zombie is heavily damaged.
The wyvern zombie completely misses you.
You barely miss the wyvern zombie.
You tail-slap the wyvern zombie, but do no damage.
The wyvern zombie is heavily damaged.
The wyvern zombie completely misses you.
You hit the wyvern zombie. You tail-slap the wyvern zombie.
The wyvern zombie is severely damaged.
The wyvern zombie bites you.
The wyvern zombie bites you but does no damage.
You hit the wyvern zombie.
The wyvern zombie is severely damaged.
The wyvern zombie closely misses you.
You hit the wyvern zombie.
The wyvern zombie is severely damaged.
The wyvern zombie bites you!
You hit the wyvern zombie but do no damage.
The wyvern zombie is severely damaged.
The wyvern zombie bites you!
* * * LOW HITPOINT WARNING * * *
The wyvern zombie closely misses you.
Okay, then.
Casting: Wereblood (safe; 1% risk of failure)
Confirm with . or Enter, or press ? or * to list all spells.
You turn into a venomous arachnid creature.
Your +2 dagger of venom melds into your body.
Your +0 cloak melds into your body.
Your +2 dagger of venom stops dripping with poison.
The wyvern zombie barely misses you.
You hit the wyvern zombie.
The wyvern zombie is almost destroyed.
The wyvern zombie closely misses you.
You hit the wyvern zombie but do no damage.
The wyvern zombie is almost destroyed.
The wyvern zombie bites you.
* * * LOW HITPOINT WARNING * * *
You hit the wyvern zombie but do no damage.
The wyvern zombie is almost destroyed.
The wyvern zombie misses you. The wyvern zombie bites you!
You die...

#.# #.# .# #.#
#######. ####### #.#
#...... .....<# #.#
#.....### .###### #.#
#.....'. .# #.#
#.....# .##########.#
#..Z..# ............#
#.s...#
.##############.....#
.'...........)).....#
.#############).....#
.# ####.....?# .#
#........... .#
######.####....... ##
#.........#.......
#.........#.......


You could see a wyvern zombie.

Vanquished Creatures
  Sigmund (D:5)
  Edmund (D:6)
  Purgy (D:3)
  2 ogres
  A kobold brigand (D:6)
  2 bullfrogs
  A gnoll sergeant (D:6)
  A scorpion (D:5)
  A jelly (D:6)
  2 bullfrog zombies
  A hound (D:6)
  An orc priest (D:4)
  2 iguanas (D:5)
  Ijyb (D:3)
  An orc wizard (D:4)
  Natasha (twice) (D:2)
  A howler monkey skeleton (D:6)
  3 gnolls (D:6)
  An adder (D:2)
  An ufetubus (D:6)
  An adder skeleton (D:4)
  A worm (D:2)
  5 dart slugs
  2 orcs
  4 ball pythons
  8 endoplasms
  7 giant cockroaches
  7 goblins
  8 hobgoblins
  4 jackals (D:2)
  A quokka (D:4)
  7 bats
  6 frilled lizards
  10 kobolds
  4 rats
102 creatures vanquished.

Vanquished Creatures (others)
  6 fungi (D:4)
  5 toadstools (D:4)
11 creatures vanquished.

Grand Total: 113 creatures vanquished

Notes
Turn   | Place    | Note
-------+----------+-------------------------------------------
     0 | D:1      | barney the Draconian Transmuter began the quest for the
                  | Orb.
     0 | D:1      | Reached XP level 1. HP: 16/16 MP: 3/3
   409 | D:1      | Reached XP level 2. HP: 18/23 MP: 5/5
   580 | D:1      | Reached skill level 3 in Transmutations
  1102 | D:2      | Reached XP level 3. HP: 25/28 MP: 6/6
  1298 | D:2      | Found a faded altar of an unknown god.
  1334 | D:2      | Reached skill level 4 in Transmutations
  2321 | D:2      | Reached XP level 4. HP: 28/35 MP: 7/7
  2931 | D:3      | Noticed Natasha
  2952 | D:2      | Killed Natasha
  3066 | D:2      | Noticed Natasha
  3085 | D:2      | Learned a level 3 spell: Spider Form
  3096 | D:2      | Killed Natasha
  3097 | D:2      | Reached skill level 5 in Transmutations
  3287 | D:3      | Noticed Ijyb
  3296 | D:3      | Killed Ijyb
  3297 | D:3      | Reached XP level 5. HP: 29/40 MP: 4/8
  3451 | D:3      | Noticed Purgy
  3464 | D:3      | Killed Purgy
  3465 | D:3      | Reached skill level 6 in Transmutations
  3689 | D:3      | Learned a level 2 spell: Wereblood
  4154 | D:4      | Found a radiant altar of Vehumet.
  4159 | D:4      | Identified a scroll of acquirement
  4159 | D:4      | Acquired the ring "Putidely" {rC+ SInv}
  5051 | D:4      | Became a worshipper of Vehumet
  5141 | D:4      | Reached XP level 6. HP: 47/47 MP: 7/9
  5563 | D:5      | Entered Level 5 of the Dungeon
  5625 | D:5      | Reached skill level 7 in Transmutations
  5904 | D:5      | Noticed Sigmund
  5919 | D:5      | Your scales start taking on a glossy black colour.
  5919 | D:5      | Reached XP level 7. HP: 46/52 MP: 7/10
  5919 | D:5      | Gained mutation: You are resistant to electric shocks.
                  | (rElec) [Black Draconian growth]
  5941 | D:5      | Killed Sigmund
  5942 | D:5      | Reached skill level 8 in Transmutations
  6084 | D:5      | Found a staircase to the Ecumenical Temple.
  6259 | Temple   | Entered the Ecumenical Temple
  6441 | D:6      | Reached skill level 9 in Transmutations
  6848 | D:6      | Noticed Edmund
  6877 | D:6      | Killed Edmund
  6878 | D:6      | Reached XP level 8. HP: 7/59 MP: 11/11
  7421 | D:6      | Learned a level 4 spell: Ice Form
  7949 | D:6      | Reached * piety under Vehumet
  7949 | D:6      | Offered knowledge of Magic Dart by Vehumet.
  8046 | D:6      | Slain by a wyvern zombie

Illustrated notes

Levels and vault maps discovered:
D:1:      saegor_arrival_simple_d, layout_basic
D:2:      layout_loops_cross, hellmonk_ecumenical_altar_crossroads,
          minmay_distorted
D:3:      layout_rooms, eino_tiny_chamber, uniq_natasha, uniq_ijyb, uniq_purgy
D:4:      layout_loops_ring, nicolae_vehumet_altar_sigil,
          minmay_gold_behind_fungi
D:5:      layout_cave_pools, minmay_temple_entry_waves, uniq_sigmund
D:6:      layout_basic, grunt_temple_overflow_growth_and_decay,
          mainiacjoe_overflow_swirl, chequers_arboretum, uniq_maggie,
          uniq_menkaure, uniq_edmund
Temple:   nicolae_temple_x_marks_the_god

Skill      XL: |  1  2  3  4  5  6  7  8 |
---------------+-------------------------+-----
Transmutations | 3 4 5 6 7 9 |  9.9
Fighting       | 2 |  2.1
Dodging        | |  1.7
Unarmed Combat | |  3.4
Spellcasting   | |  2.0
Ice Magic      | |  0.6

Action                   |  1- 3 |  4- 6 |  7- 9 || total
-------------------------+-------+-------+-------++-------
Melee: Mace              |   120 |    49 |       ||   169
       Tailslap          |     9 |     6 |     4 ||    19
       Kick              |     9 |    12 |     1 ||    22
       Unarmed           |     3 |    44 |    93 ||   140
       Headbutt          |    10 |     7 |     2 ||    19
       Punch             |     1 |     1 |       ||     2
       Dagger            |       |    23 |    32 ||    55
 Cast: Beastly Appendage |    24 |    13 |     2 ||    39
       Spider Form       |       |     8 |     9 ||    17
       Wereblood         |       |       |     1 ||     1
 Abil: Breathe Lightning |       |       |     3 ||     3
  Use: Potion            |     1 |     4 |     3 ||     8
       Scroll            |       |     3 |     2 ||     5
 Stab: Sleeping          |     1 |     1 |       ||     2
       Distracted        |       |     1 |       ||     1
       Invisible         |       |     2 |     1 ||     3
Armor: Skin              |    62 |    34 |    13 ||   109
Dodge: Dodged            |   133 |    96 |   113 ||   342
